[Event "FIDE Womens World Cup 2021"]
[Site "Sochi"]
[Date "2021.07.25"]
[Round "5.1"]
[White "Tan, Zhongyi"]
[Black "Lagno, Kateryna"]
[Result "1/2-1/2"]
[ECO "D86"]
[WhiteElo "2511"]
[BlackElo "2559"]
[Annotator "ChessBase"]
[PlyCount "145"]
[EventDate "2021.07.12"]
[EventType "k.o."]
[EventCountry "RUS"]
[SourceTitle "playchess.com"]
[Source "ChessBase"]
[SourceQuality "1"]
[TimeControl "40/5400+30:1800+30"]

1. d4 Nf6 2. c4 g6 3. Nc3 d5 4. cxd5 Nxd5 5. e4 Nxc3 6. bxc3 Bg7 7. Bc4 c5 8. Ne2 cxd4 9. cxd4 Nc6 10. Be3 Qa5+ 11. Bd2 Qa3 12. O-O O-O 13. Rb1 Bg4 14. d5 Qc5 15. Bd3 Ne5 16. Bb4 Qc7 17. h3 Nxd3 18. Qxd3 Bxe2 19. Qxe2 Rfc8 20. Qe3 Qd7 21. Rfd1 Be5 22. f4 Bd6 23. e5 Bxb4 24. Rxb4 b6 25. f5 Qxf5 26. Rh4 f6 27. exf6 Qxf6 28. Re4 Rc3 29. Qe1 Rc7 30. Re6 Qf7 31. Qe5 Rac8 32. Re1 Rd7 33. Qg5 Qf5 34. Qxf5 gxf5 35. Rxe7 Rxd5 36. Rxa7 Rd6 37. Re5 Rf6 38. Kf2 Rg6 39. Kf3 Rg7 40. Rxg7+ Kxg7 41. Rxf5 Ra8 42. Rb5 Rxa2 43. Rxb6 Ra3+ 44. Kg4 Ra4+ 45. Kg3 Ra3+ 46. Kh2 Ra2 47. h4 h5 48. Re6 Ra4 49. Kg3 Rg4+ 50. Kh3 Ra4 51. Re2 Kg6 52. g3 Rb4 53. Kg2 Rb3 54. Kf2 Ra3 55. Re6+ Kg7 56. Re3 Ra8 57. Rd3 Kh6 58. Kf3 Rf8+ 59. Ke4 Re8+ 60. Kf5 Rf8+ 61. Ke6 Rg8 62. Kf7 Rg7+ 63. Kf8 Rg4 64. Rf3 Rg6 65. Re3 Rg4 66. Kf7 Rg7+ 67. Kf6 Rg6+ 68. Kf5 Rg4 69. Rd3 Kh7 70. Rd7+ Kh6 71. Rd6+ Kh7 72. Rd7+ Kh6 73. Rd6+ 1/2-1/2

[Event "FIDE Womens World Cup 2021"]
[Site "Sochi"]
[Date "2021.07.25"]
[Round "5.1"]
[White "Kosteniuk, Alexandra"]
[Black "Gunina, Valentina"]
[Result "1-0"]
[ECO "B10"]
[WhiteElo "2472"]
[BlackElo "2437"]
[Annotator "ChessBase"]
[PlyCount "151"]
[EventDate "2021.07.12"]
[EventType "k.o."]
[EventCountry "RUS"]
[SourceTitle "playchess.com"]
[Source "ChessBase"]
[SourceQuality "1"]
[TimeControl "40/5400+30:1800+30"]

1. e4 c6 2. Nc3 d5 3. Nf3 dxe4 4. Nxe4 Nf6 5. Qe2 Nxe4 6. Qxe4 Nd7 7. Bc4 Nf6 8. Ne5 e6 9. Qf4 b5 10. Be2 Bd6 11. d4 O-O 12. Qg3 Ne4 13. Qd3 f5 14. Nxc6 Qc7 15. Ne5 a5 16. f3 Nf6 17. O-O Ba6 18. Bf4 Rfd8 19. h4 Nh5 20. Bh2 f4 21. Qb3 Re8 22. Ng4 a4 23. Qd3 e5 24. Rfe1 Ng3 25. Bxg3 fxg3 26. Qf5 Bc8 27. Qh5 Bxg4 28. Qxg4 a3 29. bxa3 Rf8 30. Qe4 Ra4 31. Bd3 g6 32. Qd5+ Kg7 33. Re4 Rxd4 34. Rxd4 Bc5 35. Kf1 Bxd4 36. Re1 Bc3 37. Re3 Rd8 38. Qe6 Rd4 39. Ke2 Rxh4 40. f4 Rxf4 41. Rf3 Qa7 42. Qd5 Kh6 43. Rxf4 exf4 44. Kf3 Kg7 45. Kxf4 Qf2+ 46. Kg4 h5+ 47. Kh3 Qg1 48. Kxg3 Qe1+ 49. Kf3 Qd1+ 50. Ke3 Kh6 51. Qe4 Qg1+ 52. Kf3 Qd1+ 53. Qe2 Qa1 54. Qe3+ g5 55. Qe6+ Bf6 56. Qf5 Kg7 57. Qd7+ Kf8 58. Qxb5 Qd1+ 59. Ke4 Qg4+ 60. Kd5 Be7 61. Be4 Qf4 62. Qd7 Qf7+ 63. Qe6 Bxa3 64. Qxf7+ Kxf7 65. c4 Ke7 66. Bf5 g4 67. c5 Kd8 68. Kc6 Ke7 69. Kb6 Kf6 70. Bd7 Ke7 71. Bf5 Kd8 72. g3 Bb2 73. Kb7 Be5 74. a4 Bc7 75. c6 Bxg3 76. a5 1-0

[Event "FIDE Womens World Cup 2021"]
[Site "Sochi"]
[Date "2021.07.26"]
[Round "5.2"]
[White "Lagno, Kateryna"]
[Black "Tan, Zhongyi"]
[Result "0-1"]
[ECO "B40"]
[WhiteElo "2559"]
[BlackElo "2511"]
[Annotator "ChessBase"]
[PlyCount "100"]
[EventDate "2021.07.12"]
[EventType "k.o."]
[EventCountry "RUS"]
[SourceTitle "playchess.com"]
[Source "ChessBase"]
[SourceQuality "1"]
[TimeControl "40/5400+30:1800+30"]

1. e4 c5 2. Nf3 e6 3. g3 d5 4. exd5 exd5 5. d4 cxd4 6. Nxd4 Nc6 7. Bg2 Bc5 8. Nb3 Qe7+ 9. Qe2 Bg4 10. Qxe7+ Bxe7 11. c3 O-O-O 12. h3 Be6 13. O-O h5 14. N1d2 g5 15. Nf3 g4 16. hxg4 Bxg4 17. Nbd4 Bf6 18. Bf4 Nge7 19. Rfe1 Ng6 20. Bg5 Bxg5 21. Nxg5 Rd7 22. f3 Nxd4 23. cxd4 Bf5 24. Rac1+ Kb8 25. Kf2 f6 26. Bh3 Ne7 27. Bxf5 Nxf5 28. Ne6 Rg8 29. Nf4 Nxg3 30. Rc5 b6 31. Rc6 h4 32. Ree6 h3 33. Nxh3 Rh7 34. Nf4 Nf5 35. Ne2 Rh2+ 36. Kf1 Rgg2 37. Re8+ Kb7 38. Rce6 Nh4 39. R6e7+ Ka6 40. Ke1 Nf5 41. Kd1 Nxe7 42. Rxe7 Kb5 43. Re3 Rxe2 44. Rxe2 Rxe2 45. Kxe2 Kc4 46. Ke3 b5 47. Ke2 Kxd4 48. Kd2 f5 49. Ke2 Ke5 50. Ke3 d4+ 0-1

[Event "FIDE Womens World Cup 2021"]
[Site "Sochi"]
[Date "2021.07.26"]
[Round "5.2"]
[White "Saduakassova, Dinara"]
[Black "Goryachkina, Aleksandra"]
[Result "0-1"]
[ECO "D02"]
[WhiteElo "2483"]
[BlackElo "2596"]
[Annotator "ChessBase"]
[PlyCount "44"]
[EventDate "2021.07.12"]
[EventType "k.o."]
[EventCountry "RUS"]
[SourceTitle "playchess.com"]
[Source "ChessBase"]
[SourceQuality "1"]
[TimeControl "40/5400+30:1800+30"]

1. d4 d5 2. Nf3 Nf6 3. Bf4 c5 4. e3 Nc6 5. Nbd2 cxd4 6. exd4 Bf5 7. Bb5 e6 8. Ne5 Qb6 9. c4 dxc4 10. a4 Bb4 11. O-O O-O 12. Bxc6 bxc6 13. Ndxc4 Qa6 14. Ne3 Nd5 15. Bg3 f6 16. Nxf5 exf5 17. Nd3 Rfe8 18. Rc1 Re4 19. Nxb4 Nxb4 20. f3 Re2 21. Qb3+ Nd5 22. Rc2 Rxc2 0-1

[Event "FIDE Womens World Cup 2021"]
[Site "Sochi"]
[Date "2021.07.26"]
[Round "5.2"]
[White "Gunina, Valentina"]
[Black "Kosteniuk, Alexandra"]
[Result "0-1"]
[ECO "C78"]
[WhiteElo "2437"]
[BlackElo "2472"]
[Annotator "ChessBase"]
[PlyCount "94"]
[EventDate "2021.07.12"]
[EventType "k.o."]
[EventCountry "RUS"]
[SourceTitle "playchess.com"]
[Source "ChessBase"]
[SourceQuality "1"]
[TimeControl "40/5400+30:1800+30"]

1. e4 e5 2. Nf3 Nc6 3. Bb5 a6 4. Ba4 Nf6 5. O-O b5 6. Bb3 Bc5 7. c3 d6 8. d4 Bb6 9. a4 Bb7 10. Bg5 h6 11. Bh4 g5 12. Bg3 Nxe4 13. Nbd2 Nxd2 14. Nxd2 Qf6 15. axb5 axb5 16. Rxa8+ Bxa8 17. Ne4 Qg6 18. Bd5 f5 19. dxe5 dxe5 20. c4 Ke7 21. c5 Ba5 22. Qa1 Rd8 23. Bxc6 Qxc6 24. Qxa5 Rd7 25. Re1 fxe4 26. Qc3 Rd5 27. b4 Qe6 28. h3 Rd4 29. Qa1 Bc6 30. f3 Kd7 31. Bf2 Rd3 32. fxe4 h5 33. Qb1 Qb3 34. Qc1 g4 35. hxg4 hxg4 36. Qg5 g3 37. Be3 Kc8 38. Qxg3 Qxb4 39. Qg8+ Kb7 40. Bf2 Qa4 41. Kh2 Rd2 42. Qg3 Qc2 43. Be3 Re2 44. Qxe5 Rxg2+ 45. Kh3 Rg8 46. Bg5 Qf2 47. Ra1 Bd7+ 0-1

[Event "FIDE Womens World Cup 2021"]
[Site "Sochi"]
[Date "2021.07.27"]
[Round "5.3"]
[White "Muzychuk, Anna"]
[Black "Dzagnidze, Nana"]
[Result "1-0"]
[ECO "B94"]
[WhiteElo "2527"]
[BlackElo "2523"]
[Annotator "ChessBase"]
[PlyCount "73"]
[EventDate "2021.07.12"]
[EventType "k.o."]
[EventCountry "RUS"]
[SourceTitle "playchess.com"]
[Source "ChessBase"]
[SourceQuality "1"]
[TimeControl "1500+10"]

1. e4 c5 2. Nf3 d6 3. d4 cxd4 4. Nxd4 Nf6 5. Nc3 a6 6. Bg5 Nbd7 7. Bc4 g6 8. Qe2 Bg7 9. O-O-O O-O 10. f4 Qc7 11. f5 b5 12. Bb3 Bb7 13. h4 Nc5 14. h5 Nxb3+ 15. axb3 Qc5 16. hxg6 hxg6 17. Qf3 Rfc8 18. Qh3 Qe5 19. Bxf6 Qxf6 20. fxg6 Qxg6 21. Nf5 Qg5+ 22. Kb1 Rxc3 23. bxc3 Bxe4 24. Nxg7 Qxg7 25. Rde1 d5 26. Re3 e6 27. Rg3 Bg6 28. Re1 Re8 29. Qh4 a5 30. Rf1 a4 31. Kb2 Rc8 32. Rf6 axb3 33. cxb3 b4 34. cxb4 Rc2+ 35. Ka3 Re2 36. Rfxg6 fxg6 37. Qd8+ 1-0

[Event "FIDE Womens World Cup 2021"]
[Site "Sochi"]
[Date "2021.07.27"]
[Round "5.4"]
[White "Dzagnidze, Nana"]
[Black "Muzychuk, Anna"]
[Result "0-1"]
[ECO "A04"]
[WhiteElo "2523"]
[BlackElo "2527"]
[Annotator "ChessBase"]
[PlyCount "74"]
[EventDate "2021.07.12"]
[EventType "k.o."]
[EventCountry "RUS"]
[SourceTitle "playchess.com"]
[Source "ChessBase"]
[SourceQuality "1"]
[TimeControl "1500+10"]

1. Nf3 c5 2. c4 Nf6 3. b3 d5 4. cxd5 Nxd5 5. Bb2 Nc6 6. g3 f6 7. a3 e5 8. e4 Nc7 9. Nh4 Be6 10. Nc3 Na5 11. b4 Nb3 12. Rb1 Qd7 13. Bc1 Nxc1 14. Qxc1 cxb4 15. axb4 Be7 16. Be2 Bh3 17. Bf1 Be6 18. Ng2 O-O 19. Ne3 Rfd8 20. Be2 Bh3 21. f3 Be6 22. Rb2 a5 23. bxa5 Ba3 24. Nc4 Bxb2 25. Qxb2 Bxc4 26. Bxc4+ Kh8 27. d3 Rxa5 28. Qxb7 Ra1+ 29. Nd1 Qd4 30. Ke2 Ne6 31. Re1 Nc5 32. Qb6 Nxd3 33. Qxd4 Nc1+ 34. Kf1 Rxd4 35. Ne3 Nb3 36. Rxa1 Nxa1 37. Ke2 Nc2 0-1

[Event "FIDE Womens World Cup 2021"]
[Site "Sochi"]
[Date "2021.07.29"]
[Round "6.1"]
[White "Muzychuk, Anna"]
[Black "Goryachkina, Aleksandra"]
[Result "1/2-1/2"]
[ECO "C65"]
[WhiteElo "2527"]
[BlackElo "2596"]
[Annotator "ChessBase"]
[PlyCount "91"]
[EventDate "2021.07.12"]
[EventType "k.o."]
[EventCountry "RUS"]
[SourceTitle "playchess.com"]
[Source "ChessBase"]
[SourceQuality "1"]
[TimeControl "40/5400+30:1800+30"]

1. e4 e5 2. Nf3 Nc6 3. Bb5 Nf6 4. d3 Bc5 5. c3 d5 6. exd5 Qxd5 7. Bc4 Qd6 8. b4 Bb6 9. Nbd2 O-O 10. O-O Bg4 11. a4 a5 12. b5 e4 13. Nxe4 Nxe4 14. dxe4 Bxf3 15. Qxd6 cxd6 16. gxf3 Ne5 17. Bd5 Rac8 18. f4 Nd3 19. Bxb7 Rxc3 20. Bd2 Rc2 21. Be3 Bxe3 22. fxe3 Rb8 23. Bc6 Kf8 24. Rfd1 Rc3 25. Bd5 Ke7 26. Rd2 Nb4 27. Kf2 Rbc8 28. Rb1 Ra3 29. b6 Rxa4 30. b7 Rb8 31. Rd4 Nxd5 32. Rxd5 Rxe4 33. Rxa5 Kd7 34. Rf5 f6 35. Rfb5 Kc7 36. Rc1+ Kd7 37. h4 g6 38. Rb6 f5 39. h5 Re7 40. hxg6 hxg6 41. Rc8 Re8 42. Rxe8 Kxe8 43. Kg3 Ke7 44. Rb1 Ke6 45. Kf3 Kd7 46. Kg3 1/2-1/2

[Event "FIDE Womens World Cup 2021"]
[Site "Sochi"]
[Date "2021.07.29"]
[Round "6.1"]
[White "Tan, Zhongyi"]
[Black "Kosteniuk, Alexandra"]
[Result "1/2-1/2"]
[ECO "A45"]
[WhiteElo "2511"]
[BlackElo "2472"]
[Annotator "ChessBase"]
[PlyCount "61"]
[EventDate "2021.07.12"]
[EventType "k.o."]
[EventCountry "RUS"]
[SourceTitle "playchess.com"]
[Source "ChessBase"]
[SourceQuality "1"]
[TimeControl "40/5400+30:1800+30"]

1. d4 Nf6 2. g3 d5 3. Nf3 Bg4 4. Bg2 e6 5. c4 c6 6. Qb3 Qb6 7. c5 Qxb3 8. axb3 Bxf3 9. exf3 g6 10. b4 Na6 11. Bf1 Nc7 12. Bf4 Kd7 13. Nc3 Nh5 14. Be3 b5 15. Be2 Be7 16. Kd2 a6 17. h4 Ng7 18. Bg5 f6 19. Be3 e5 20. Bf1 Nce6 21. Ne2 Nf5 22. Bh3 h5 23. Kc3 Kc7 24. Rhe1 Kb7 25. Bxf5 gxf5 26. Nc1 Bd8 27. Nb3 Bc7 28. f4 e4 29. Kc2 Rhg8 30. Bd2 Nd8 31. Bc3 1/2-1/2

[Event "FIDE Womens World Cup 2021"]
[Site "Sochi"]
[Date "2021.07.30"]
[Round "6.2"]
[White "Kosteniuk, Alexandra"]
[Black "Tan, Zhongyi"]
[Result "1-0"]
[ECO "C42"]
[WhiteElo "2472"]
[BlackElo "2511"]
[Annotator "ChessBase"]
[PlyCount "75"]
[EventDate "2021.07.12"]
[EventType "k.o."]
[EventCountry "RUS"]
[SourceTitle "playchess.com"]
[Source "ChessBase"]
[SourceQuality "1"]
[TimeControl "40/5400+30:1800+30"]

1. e4 e5 2. Nf3 Nf6 3. Nxe5 d6 4. Nf3 Nxe4 5. c4 Nc6 6. d3 Nf6 7. d4 Be7 8. d5 Ne5 9. Be2 Nxf3+ 10. Bxf3 h5 11. h3 Bf5 12. Nc3 Qd7 13. Be3 a6 14. a4 c5 15. dxc6 bxc6 16. a5 Rb8 17. O-O O-O 18. Na4 d5 19. Nb6 Qd6 20. Rc1 Qb4 21. Bd4 dxc4 22. Re1 Be6 23. Rxe6 fxe6 24. Qe2 Rf7 25. Nxc4 Nd5 26. Bxh5 Rbf8 27. Qxe6 Nf4 28. Bxf7+ Rxf7 29. Qg4 Bc5 30. Be3 Bxe3 31. fxe3 Qc5 32. b4 Qa7 33. Rf1 Nd3 34. Rd1 Ne5 35. Rd8+ Rf8 36. Rxf8+ Kxf8 37. Qf4+ Nf7 38. Ne5 1-0

[Event "FIDE Womens World Cup 2021"]
[Site "Sochi"]
[Date "2021.08.02"]
[Round "7.2"]
[White "Muzychuk, Anna"]
[Black "Tan, Zhongyi"]
[Result "1/2-1/2"]
[ECO "C42"]
[WhiteElo "2527"]
[BlackElo "2511"]
[Annotator "ChessBase"]
[PlyCount "98"]
[EventDate "2021.07.12"]
[EventType "k.o."]
[EventCountry "RUS"]
[SourceTitle "playchess.com"]
[Source "ChessBase"]
[SourceQuality "1"]
[TimeControl "40/5400+30:1800+30"]

1. e4 e5 2. Nf3 Nf6 3. Nxe5 d6 4. Nf3 Nxe4 5. Bd3 Nf6 6. O-O Be7 7. h3 O-O 8. c3 Nbd7 9. Bc2 Ne5 10. Nh4 Ng6 11. Nf5 Re8 12. d4 Bf8 13. Nd2 d5 14. Ng3 Bd6 15. Re1 Bd7 16. Ndf1 Rxe1 17. Qxe1 Qf8 18. Nf5 Re8 19. Qd1 Ne4 20. Nxd6 Qxd6 21. a4 h6 22. Be3 f5 23. f3 Ng5 24. Bxg5 hxg5 25. Qd2 Qe7 26. g3 Qe2 27. Bd1 Qe7 28. Bc2 Qe2 29. Bd1 Qa6 30. Bb3 c6 31. Re1 Qb6 32. Rxe8+ Bxe8 33. Bd1 f4 34. g4 c5 35. dxc5 Qxc5+ 36. Qf2 b6 37. Nd2 Ne5 38. Qxc5 bxc5 39. b4 c4 40. Nb1 Kf8 41. Na3 Ke7 42. Kf1 a6 43. Ke2 Bc6 44. Kd2 Kd6 45. a5 Be8 46. Nc2 Nc6 47. Nd4 Bd7 48. Bc2 Nxd4 49. cxd4 Bb5 1/2-1/2

[Event "FIDE Womens World Cup 2021"]
[Site "Sochi"]
[Date "2021.08.03"]
[Round "7.3"]
[White "Muzychuk, Anna"]
[Black "Tan, Zhongyi"]
[Result "0-1"]
[ECO "C42"]
[WhiteElo "2527"]
[BlackElo "2511"]
[Annotator "ChessBase"]
[PlyCount "98"]
[EventDate "2021.07.12"]
[EventType "k.o."]
[EventCountry "RUS"]
[SourceTitle "playchess.com"]
[Source "ChessBase"]
[SourceQuality "1"]
[TimeControl "1500+10"]

1. e4 e5 2. Nf3 Nf6 3. Nxe5 d6 4. Nf3 Nxe4 5. Nc3 Nxc3 6. dxc3 Nd7 7. Be3 Nf6 8. Qd2 g6 9. O-O-O Bg7 10. Bg5 O-O 11. Qf4 d5 12. h4 c6 13. h5 Nxh5 14. Qh4 f6 15. Be3 f5 16. Bg5 Qa5 17. Kb1 Re8 18. Bd3 c5 19. Rhe1 Be6 20. Ne5 d4 21. c4 Bf7 22. Bd2 Qd8 23. Qh2 Qc7 24. f4 b5 25. Nxf7 Qxf7 26. b3 b4 27. g3 Nf6 28. Qg2 a5 29. a4 bxa3 30. Rxe8+ Rxe8 31. Bxa5 a2+ 32. Ka1 Qa7 33. Bd2 Ng4 34. Qd5+ Kh8 35. Qc6 Ra8 36. Bc1 Ne3 37. Rd2 Qa5 38. Bb2 h6 39. Re2 Kh7 40. g4 Nxg4 41. Re7 Ra7 42. Rxa7 Qxa7 43. Qa4 Qc7 44. Kxa2 Qxf4 45. Qc6 Qe5 46. b4 cxb4 47. c5 Ne3 48. Kb3 h5 49. Kxb4 h4 0-1

[Event "FIDE Womens World Cup 2021"]
[Site "Sochi"]
[Date "2021.08.03"]
[Round "7.4"]
[White "Tan, Zhongyi"]
[Black "Muzychuk, Anna"]
[Result "1/2-1/2"]
[ECO "D08"]
[WhiteElo "2511"]
[BlackElo "2527"]
[Annotator "ChessBase"]
[PlyCount "53"]
[EventDate "2021.07.12"]
[EventType "k.o."]
[EventCountry "RUS"]
[SourceTitle "playchess.com"]
[Source "ChessBase"]
[SourceQuality "1"]
[TimeControl "1500+10"]

1. d4 d5 2. c4 e5 3. dxe5 Ne7 4. Nf3 Nbc6 5. Nbd2 dxc4 6. e3 b5 7. a4 Bg4 8. axb5 Nxe5 9. Qa4 Nd3+ 10. Bxd3 Qxd3 11. b6+ Bd7 12. Qxa7 Rd8 13. Ne5 Qd5 14. Nxd7 Qxg2 15. Rf1 Nc6 16. Qb7 Kxd7 17. Nxc4 Bb4+ 18. Bd2 Bxd2+ 19. Nxd2 Rb8 20. Qxc7+ Ke6 21. b7 Rhd8 22. Ra6 Rd6 23. Qc8+ Ke7 24. Qc7+ Ke6 25. Qc8+ Ke7 26. Qc7+ Ke6 27. Qc8+ 1/2-1/2